 Dungeon Crawl Stone Soup version 0.24-a0-278-gefa1973 (webtiles) character file.

Game seed: 13693920974215863707

46 Lanoc the Slasher (level 3, -3/30 HPs)
             Began as a Vine Stalker Berserker on Apr 29, 2019.
             Was a Follower of Trog.
             Slain by an orc priest
             ... wielding a +0 flail
              (10 damage)
             ... on level 3 of the Dungeon.
             The game lasted 00:00:50 (311 turns).

Lanoc the Slasher (Vine Stalker Berserker)           Turns: 311, Time: 00:00:50

Health: -3/30      AC:  2    Str: 24    XL:     3   Next: 66%
Magic:  0/4        EV: 12    Int:  7    God:    Trog [*.....]
Gold:   22         SH:  0    Dex: 14    Spells: 2/2 levels left

rFire    . . .     SeeInvis .   a - +0 falchion
rCold    . . .     Gourm    .   (no shield)
rNeg     . . .     Faith    .   b - +0 animal skin
rPois    .         Spirit   +   (no helmet)
rElec    .         Reflect  .   (no cloak)
rCorr    .         Harm     .   (no gloves)
MR       .....                  (no boots)
Stlth    ..........             (no amulet)
HPRegen  0.10/turn              (no ring)
MPRegen  0.09/turn              (no ring)

@: berserking (expiring), very quick
A: fangs 2, magic shield, antimagic bite, no potion heal 3, rot immunity
a: Berserk, Renounce Religion


You were on level 3 of the Dungeon.
You worshipped Trog.
Trog was aware of your devotion.
You were very hungry.

You visited 1 branch of the dungeon, and saw 3 of its levels.

You collected 22 gold pieces.

Inventory:

Hand Weapons
 a - a +0 falchion (weapon)
Armour
 b - a +0 animal skin (worn)
Scrolls
 e - a scroll of identify {unknown}
Comestibles
 c - a ration
 d - a chunk of flesh


   Skills:
 + Level 3.0 Fighting
 * Level 3.3 Long Blades
 + Level 2.0 Armour
 + Level 2.0 Dodging


You had 2 spell levels left.
You didn't know any spells.
Your spell library was empty.

Dungeon Overview and Level Annotations

Branches:
Dungeon (3/15)

Altars:


Innate Abilities, Weirdness & Mutations

You have extremely sharp teeth.
When hurt, damage is shared between your health and your magic reserves.
Your bite disrupts and absorbs the magic of your enemies.
Potions cannot restore your health.
You are immune to rotting.


Message History

The orc wizard is severely wounded.
The orc wizard closely misses you.
You slash the orc wizard!
You kill the orc wizard!
Trog accepts your kill.
Trog appreciates your killing of a magic user.
Your Fighting skill increases to level 3!
Your Armour skill increases to level 2!
Your Dodging skill increases to level 2!
You have reached level 3!
Your experience leads to an increase in your attributes!
Your base attributes are Str 19, Int 7, Dex 13.
Increase (S)trength, (I)ntelligence, or (D)exterity?
You feel agile.
An orc comes into view.
The orc shouts!
The orc hits you.
* * * LOW HITPOINT WARNING * * *
The orc priest hits you with a +0 flail!
You die...

#. .####
#( #....#
#. #....+
#. #....#
#. #....#
#o #....#
#o###....#
#o@†'....+
#####....#
#....<...+
#.##.....#
#.....#
#.....#
#.##### ..
..


You could see an orc priest and 2 orcs.

Vanquished Creatures
  An orc wizard (D:3)
  A worm (D:2)
  A dart slug (D:2)
  An orc (D:3)
  A giant cockroach (D:2)
  4 jackals (D:1)
  A kobold (D:1)
  A frilled lizard (D:2)
  A rat (D:1)
12 creatures vanquished.

Notes
Turn   | Place    | Note
-------+----------+-------------------------------------------
     0 | D:1      | Lanoc the Vine Stalker Berserker began the quest for the
                  | Orb.
     0 | D:1      | Reached XP level 1. HP: 11/11 MP: 2/2
    21 | D:1      | Reached XP level 2. HP: 6/16 MP: 1/3
   310 | D:3      | Reached XP level 3. HP: 8/20 MP: 1/4
   311 | D:3      | Slain by an orc priest

Levels and vault maps discovered:
D:1:      dpeg_arrival_long_road, layout_rooms, ebering_dispersal_statue_hall
D:2:      layout_basic, lemuel_crystal_altar
D:3:      minmay_octagon_keep, layout_basic, minitemple, first_ration,
          uniq_jessica, uniq_robin

Skill      XL: |  1  2 |
---------------+-------+-----
Long Blades    | 3 |  3.3
Fighting       | 3 |  3.0
Armour         | 2 |  2.0
Dodging        | 2 |  2.0

Action                   || total
-------------------------++-------
Melee: Falchion          ||    21
       Bite              ||     7
Invok: Berserk           ||     3
 Stab: Sleeping          ||     1
Armor: Animal skin       ||     5
Dodge: Dodged            ||    21
       Rpst.: Falchion   ||     7

Table legend:
 A = Non-vault XP
 B = Vault XP
 C = Vault XP percentage of total XP
 D = Non-vault monster count
 E = Vault monster count
 F = Vault count percentage of total count
                 A         B        C        D         E       F
            +---------+---------+-------+---------+---------+-------
      Total |      66 |       0 |   0.0 |      12 |       0 |   0.0
            +---------+---------+-------+---------+---------+-------
        D:1 |      11 |       0 |   0.0 |       6 |       0 |   0.0
        D:2 |      12 |       0 |   0.0 |       4 |       0 |   0.0
        D:3 |      43 |       0 |   0.0 |       2 |       0 |   0.0
            +---------+---------+-------+---------+---------+-------
